AoeStats
← AxD | Cad Bane

African Clearing

506575137Analyzed
3v3 RM · 19d ago on Sep 14, 2026· 69m 17s· 6 players
Game mode
Random Map
Map size
Normal (6 player)
Population
200
Speed
Normal
Resources
Standard
Victory
Conquest
Starting age
Dark Age
Ending age
Imperial Age
RankedLock teamsTeams togetherTeam positionsShared explorationLock speedFull tech treeHidden civsTurbo modeCheats
Victory
Defeat
🇨🇴 Portuguese · Colombia
1728
+12
🇦🇷 Dravidians · Argentina
1519
+21
🇲🇽 Malay · Mexico
1509
+22
🇨🇱 Aztecs · Chile
1675
-20
🇸🇻 Berbers · El Salvador
1659
-19
🇦🇷 Burmese · Argentina
1569
-16
Mike
3:46 Loom
12:54 Feudal Age
16:32 Double-Bit Axe
17:42 Fishing Lines
18:39 Fletching
22:44 Castle Age
21:48 Padded Archer Armor
23:47 Crossbowman
24:23 Bodkin Arrow
24:45 Elite Skirmisher
26:11 Ballistics
27:10 Bow Saw
32:55 Leather Archer Armor
36:08 Wheelbarrow
35:19 Town Watch
36:54 Horse Collar
37:30 Hand Cart
37:41 Gold Mining
42:08 Imperial Age
39:59 Thumb Ring
40:55 Husbandry
43:00 Medical Corps
43:19 Conscription
43:02 Bracer
44:07 Chemistry
45:18 Two-Man Saw
44:18 Heavy Plow
45:08 Elite Elephant Archer
55:50 Coinage
68:55 Siege Elephant
Magio | Paradox
13:37 Feudal Age
13:37 Loom
17:29 Castle Age
15:33 Double-Bit Axe
17:01 Fletching
20:09 Bow Saw
20:20 Bow Saw
20:50 Town Watch
23:57 Bodkin Arrow
29:59 Bloodlines
30:26 Husbandry
32:36 Wheelbarrow
32:17 Gold Mining
32:35 Scale Barding Armor
32:40 Forging
34:55 Iron Casting
35:39 Chain Barding Armor
40:40 Imperial Age
38:26 Hand Cart
39:22 Ballistics
40:55 Cavalier
42:12 Plate Barding Armor
42:37 Blast Furnace
42:42 Chemistry
44:54 Bracer
45:44 Murder Holes
46:00 Elite Organ Gun
48:22 Arquebus
47:50 Light Cavalry
50:59 Masonry
51:12 Conscription
50:33 Light Cavalry
59:44 Stone Mining
59:35 Horse Collar
63:57 Heavy Plow
65:06 Padded Archer Armor
68:51 Crop Rotation
Daniel
11:31 Loom
14:12 Feudal Age
19:57 Castle Age
18:05 Horse Collar
18:20 Double-Bit Axe
19:49 Scale Barding Armor
31:41 Elite Skirmisher
33:57 Fletching
35:01 Wheelbarrow
35:14 Bodkin Arrow
35:55 Padded Archer Armor
38:57 Leather Archer Armor
46:10 Imperial Age
47:26 Ballistics
48:06 Chemistry
46:49 Crossbowman
51:04 Pikeman
56:53 Forging
60:49 Iron Casting
AxD | Cad Bane
5:56 Loom
13:17 Feudal Age
17:35 Castle Age
16:02 Double-Bit Axe
18:00 Scale Mail Armor
19:43 Chain Mail Armor
20:27 Squires
21:17 Gambesons
23:54 Eagle Warrior
26:58 Fletching
29:11 Forging
30:26 Wheelbarrow
30:43 Padded Archer Armor
32:34 Town Watch
33:58 Ballistics
33:50 Bodkin Arrow
36:01 Iron Casting
40:17 Imperial Age
38:43 Atlatl
38:57 Gold Mining
39:22 Hand Cart
40:14 Horse Collar
40:26 Elite Eagle Warrior
41:35 Heavy Plow
41:53 Bow Saw
42:32 Elite Genitour
44:12 Plate Mail Armor
44:39 Pikeman
47:57 Garland Wars
49:48 Blast Furnace
48:48 Bracer
49:04 Leather Archer Armor
49:29 Stone Mining
50:14 Crop Rotation
50:09 Conscription
50:10 Capped Ram
53:44 Coinage
53:52 Gold Shaft Mining
55:36 Chemistry
54:48 Fortified Wall
54:47 Siege Ram
56:18 Arson
57:14 Treadmill Crane
63:22 Elite Skirmisher
AxD | Kurumi 002
3:48 Loom
12:53 Feudal Age
17:07 Castle Age
15:38 Double-Bit Axe
17:11 Fletching
19:00 Town Watch
22:19 Bodkin Arrow
24:04 Padded Archer Armor
27:11 Leather Archer Armor
29:06 Ballistics
37:01 Bow Saw
38:37 Scale Barding Armor
38:39 Horse Collar
41:30 Husbandry
43:53 Bloodlines
48:15 Imperial Age
46:05 Heavy Plow
48:29 Elite Genitour
49:42 Ring Archer Armor
50:00 Bracer
52:52 Chemistry
AxD | MatrixWars
10:24 Loom
12:41 Feudal Age
16:48 Castle Age
17:02 Gold Mining
16:53 Horse Collar
17:28 Town Watch
18:55 Wheelbarrow
24:00 Padded Archer Armor
24:21 Husbandry
26:26 Herbal Medicine
26:51 Fervor
27:07 Bloodlines
31:01 Fletching
34:08 Ballistics
34:08 Bodkin Arrow
38:32 Padded Archer Armor
42:36 Imperial Age
40:55 Padded Archer Armor
42:41 Elite Arambai
43:42 Conscription
42:56 Elite Arambai
44:12 Bracer
44:17 Scale Barding Armor
46:04 Light Cavalry
47:05 Chain Barding Armor
47:07 Heavy Plow
48:55 Hussar
51:03 Manipur Cavalry
50:57 Elite Genitour
52:53 Parthian Tactics
55:48 Plate Barding Armor
56:30 Cavalier
62:21 Forging
65:45 Iron Casting
Connection lost

Rejoining the realm…

Still unreachable

The connection could not be restored.

Session expired

The server has moved on; the page needs a fresh start.